 Dungeon Crawl Stone Soup version 0.25.0-26-g0c896c7088 (console) character file.

Game seed: 5886499510910867861

53 Colgate the Charmwright (level 3, -2/31 HPs)
             Began as a Gnoll Skald on July 2, 2020.
             Slain by a gnoll
             ... wielding a +1 vorpal halberd
              (5 damage)
             ... on level 2 of the Dungeon.
             The game lasted 00:12:18 (1598 turns).

Colgate the Charmwright (Gnoll Skald)               Turns: 1598, Time: 00:12:18

Health: -2/31      AC:  7    Str: 14    XL:     3   Next: 87%
Magic:  9/9        EV: 13    Int: 15    God:
Gold:   71         SH:  0    Dex: 14    Spells: 7/12 levels left

rFire    . . .     SeeInvis .   j - +1 short sword (venom)
rCold    . . .     Gourm    .   (no shield)
rNeg     . . .     Faith    .   k - +0 ring mail
rPois    .         Spirit   .   e - +2 hat
rElec    .         Reflect  .   (no cloak)
rCorr    .         Harm     .   (no gloves)
MR       .....                  (no boots)
Stlth    +.........             (no amulet)
HPRegen  0.10/turn              (no ring)
MPRegen  0.11/turn              (no ring)

@: no status effects
A: distributed training, fangs 1, strong nose
a: no special abilities


You were on level 2 of the Dungeon.
You were not hungry.

You visited 1 branch of the dungeon, and saw 2 of its levels.

You collected 71 gold pieces.

Inventory:

Hand Weapons
 a - a +0 spear
 j - a +1 short sword of venom (weapon)
Missiles
 c - 72 stones (quivered)
 i - 45 arrows
Armour
 b - a +0 leather armour
 e - a +2 hat (worn)
 k - a +0 ring mail (worn)
Scrolls
 f - a scroll of identify {unknown}
 g - a scroll of teleportation {unknown}
 l - a scroll of blinking {unknown}
Potions
 h - 3 potions of curing {unknown}
 m - a potion of resistance {unknown}
Comestibles
 d - 2 rations


   Skills:
 + Level 4.6 Fighting
 + Level 1.0 Short Blades
 + Level 1.0 Long Blades
 + Level 1.0 Axes
 + Level 1.0 Maces & Flails
 + Level 4.6 Polearms
 + Level 1.0 Staves
 + Level 1.0 Slings
 + Level 1.0 Bows
 + Level 1.0 Crossbows
 + Level 1.0 Throwing
 + Level 2.6 Armour
 + Level 4.6 Dodging
 + Level 1.0 Stealth
 + Level 1.0 Shields
 + Level 1.0 Unarmed Combat
 + Level 5.0 Spellcasting
 + Level 0.7 Conjurations
 + Level 0.7 Hexes
 + Level 5.4 Charms
 + Level 0.7 Summonings
 + Level 0.7 Necromancy
 + Level 0.7 Translocations
 + Level 0.7 Transmutations
 + Level 0.7 Fire Magic
 + Level 0.7 Ice Magic
 + Level 0.7 Air Magic
 + Level 0.7 Earth Magic
 + Level 0.7 Poison Magic
 + Level 1.0 Invocations
 + Level 1.0 Evocations


You had 7 spell levels left.
You knew the following spells:

 Your Spells              Type           Power        Failure   Level  Hunger
a - Infusion              Chrm           ###.         3%          1    None
b - Song of Slaying       Chrm           ###.....     5%          2    ##.....
c - Shroud of Golubria    Chrm/Tloc      ##....       14%         2    ##.....

Your spell library contained the following spells:

 Spells                   Type           Power        Failure   Level  Hunger
 Ozocubu's Armour         Chrm/Ice       ##......     26%         3    ###....
 Spectral Weapon          Hex/Chrm       ##......     26%         3    ###....


Dungeon Overview and Level Annotations

Branches:
Dungeon (2/15)

Altars:
Fedhas


Innate Abilities, Weirdness & Mutations

Your experience applies equally to all skills.
You have very sharp teeth.
Your uncanny sense of smell can sniff out nearby items.


Message History

You closely miss the gnoll.
The gnoll hits you with a +1 vorpal halberd.
You barely miss the gnoll. The gnoll misses you.
You closely miss the gnoll. You bite the gnoll.
The gnoll is lightly wounded.
The gnoll completely misses you.
You hit the gnoll.
The gnoll is moderately wounded.
The gnoll hits you with a +1 vorpal halberd!
* * * LOW HITPOINT WARNING * * *
x2 You barely miss the gnoll.
The gnoll is moderately wounded.
The gnoll misses you.
You barely miss the gnoll. You bite the gnoll, but do no damage.
The gnoll is moderately wounded.
The gnoll misses you.
You closely miss the gnoll. You bite the gnoll, but do no damage.
The gnoll is moderately wounded.
The gnoll hits you with a +1 vorpal halberd.
You die...

######...####.........####....#
............+.........รท.......#
######...####.........####....#
##.## ##.......## ##.#.# #.#
##.....## ###..# #.# ##...##
##.# #.# ##'## .# .# #.# #.#
##.## #@).# #...(g........
....(##...##.## ##.( ##.## # #(
#.# # #.# #.# .#


You could see a gnoll.

Vanquished Creatures
  A gnoll (D:2)
  An adder (D:2)
  2 leopard geckos
  A giant cockroach (D:1)
  5 goblins (D:1)
  5 hobgoblins
  6 kobolds
  4 bats
  3 frilled lizards (D:1)
  6 rats
34 creatures vanquished.

Notes
Turn   | Place    | Note
-------+----------+-------------------------------------------
     0 | D:1      | Colgate the Gnoll Skald began the quest for the Orb.
     0 | D:1      | Reached XP level 1. HP: 20/20 MP: 6/6
    70 | D:1      | Reached XP level 2. HP: 26/26 MP: 4/7
   642 | D:1      | Learned a level 2 spell: Song of Slaying
   645 | D:1      | Learned a level 2 spell: Shroud of Golubria
   811 | D:1      | Reached XP level 3. HP: 31/31 MP: 6/9
   991 | D:1      | Reached skill level 5 in Spellcasting
  1352 | D:2      | Reached skill level 1 in Invocations
  1465 | D:2      | Found a blossoming altar of Fedhas.
  1590 | D:2      | Reached skill level 1 in Short Blades
  1590 | D:2      | Reached skill level 1 in Long Blades
  1590 | D:2      | Reached skill level 1 in Axes
  1590 | D:2      | Reached skill level 1 in Maces & Flails
  1590 | D:2      | Reached skill level 1 in Staves
  1590 | D:2      | Reached skill level 1 in Slings
  1590 | D:2      | Reached skill level 1 in Bows
  1590 | D:2      | Reached skill level 1 in Crossbows
  1590 | D:2      | Reached skill level 1 in Throwing
  1590 | D:2      | Reached skill level 1 in Stealth
  1590 | D:2      | Reached skill level 1 in Shields
  1590 | D:2      | Reached skill level 1 in Unarmed Combat
  1590 | D:2      | Reached skill level 1 in Evocations
  1598 | D:2      | Slain by a gnoll

Illustrated notes

Levels and vault maps discovered:
D:1:      dpeg_arrival_morbid_curiosity, layout_basic, grunt_decor_mini_mirrors,
          minmay_misc_feat_pillars, minmay_tetromino_i4
D:2:      layout_loops_corners, fedhas_altar_1

Skill      XL: |  1  2  3 |
---------------+----------+-----
Spellcasting   | 5 |  5.0
Invocations    | 1 |  1.0
Short Blades   | 1 |  1.0
Long Blades    | 1 |  1.0
Axes           | 1 |  1.0
Maces & Flails | 1 |  1.0
Staves         | 1 |  1.0
Slings         | 1 |  1.0
Bows           | 1 |  1.0
Crossbows      | 1 |  1.0
Throwing       | 1 |  1.0
Stealth        | 1 |  1.0
Shields        | 1 |  1.0
Unarmed Combat | 1 |  1.0
Evocations     | 1 |  1.0
Fighting       | |  4.6
Polearms       | |  4.6
Armour         | |  2.6
Dodging        | |  4.6
Conjurations   | |  0.7
Hexes          | |  0.7
Charms         | |  5.4
Summonings     | |  0.7
Necromancy     | |  0.7
Translocations | |  0.7
Transmutations | |  0.7
Fire Magic     | |  0.7
Ice Magic      | |  0.7
Air Magic      | |  0.7
Earth Magic    | |  0.7
Poison Magic   | |  0.7

Action                   || total
-------------------------++-------
Melee: Spear             ||    40
       Bite              ||     9
       Short sword       ||    35
Throw: Stone             ||    45
 Cast: Infusion          ||     8
       Song of Slaying   ||     2
  Eat: Chunk             ||     2
Armor: Leather armour    ||     6
       Ring mail         ||     7
Dodge: Dodged            ||    34
